 Dungeon Crawl Stone Soup version 0.30-a0-1124-g6e8f0f562f (webtiles) character file.

Game seed: 16192855958707406336

44608 Anon1729 the Martial Artist (level 14, -1/87 HPs)
             Began as an Octopode Monk on Apr 23, 2023.
             Was a High Priest of Hepliaklqana.
             Killed from afar by a war gargoyle (31 damage)
             ... with a spray of metal splinters
             ... on level 12 of the Dungeon.
             The game lasted 00:52:50 (16836 turns).

Anon1729 the Martial Artist (Octopode Monk)        Turns: 16836, Time: 00:52:50

Health: -1/87      AC:  1    Str: 13    XL:     14   Next: 29%
Magic:  21/21      EV: 24    Int: 23    God:    Hepliaklqana [*****.]
Gold:   1267       SH:  5    Dex: 16    Spells: 17/17 levels left

rFire   + + .        b - +7 sling of Omalaada {drain, rC+ Dex+3}
rCold   + + .        C - orb {light}
rNeg    . . .        (helmet restricted)
rPois   +            r - amulet of reflection
rElec   +            c - ring of Esiurhie {rF+ rC+ Str+3}
rCorr   .            d - ring of poison resistance
SInv    .            e - ring of protection from fire
Will    ++++.        a - ring "Mosoxamm" {Drain rElec Will+++ Int+6 Stlth+}
Stlth   +++          N - +5 ring of evasion
HPRegen 0.34/turn    (no ring)
MPRegen 0.17/turn    (no ring)
                     (no ring)

%: reflection
@: glowing, studying Dodging
A: reduced essence, almost no armour, amphibious, 8 rings, camouflage 1,
gelatinous body 1, (nimble swimmer 1), tentacles, clumsy 1, subdued magic 1,
MP-powered wands
a: Renounce Religion, Recall Ancestor, Ancestor Identity, Transference, Idealise


You were on level 12 of the Dungeon.
You worshipped Hepliaklqana.
Hepliaklqana was extremely pleased with you.
You visited 2 branches of the dungeon, and saw 16 of its levels.
You also visited: Ossuary, Bailey and Ice Cave.

You collected 1397 gold pieces.
You spent 130 gold pieces at shops.

Inventory:

Hand Weapons
 b - the +7 sling of Omalaada (weapon) {drain, rC+ Dex+3}
   (You bought it in a shop on level 6 of the Dungeon)

   Dex:       It affects your dexterity (+3).
   rC:        It protects you from cold.
 G - a +2 scimitar of flaming
Missiles
 q - 37 poisoned darts
 y - a throwing net
 D - 4 curare-tipped darts
Armour
 C - an orb of light (worn)
Jewellery
 a - the ring "Mosoxamm" (on tentacle) {Drain rElec Will+++ Int+6 Stlth+}
   (You found it on level 8 of the Dungeon)

   [ring of intelligence]

   Int:       It affects your intelligence (+6).
   rElec:     It insulates you from electricity.
   Drain:     It drains your maximum health when unequipped.
   Will:      It greatly increases your willpower.
   Stlth:     It makes you more stealthy.
 c - the ring of Esiurhie (left tentacle) {rF+ rC+ Str+3}
   (You acquired it on level 2 of the Dungeon)

   [ring of protection from fire]

   Str:       It affects your strength (+3).
   rF:        It protects you from fire.
   rC:        It protects you from cold.
 d - a ring of poison resistance (right tentacle)
 e - a ring of protection from fire (on tentacle)
 r - an amulet of reflection (around mantle)
 N - a +5 ring of evasion (on tentacle)
 R - an amulet of the acrobat
 V - a +4 ring of protection
Wands
 Q - a wand of flame (16)
 T - a wand of iceblast (4)
Scrolls
 i - 7 scrolls of teleportation
 k - a scroll of blinking {unknown}
 l - 6 scrolls of enchant weapon
 n - 2 scrolls of poison
 o - a scroll of noise
 p - 6 scrolls of enchant armour
 v - 4 scrolls of magic mapping
 w - 2 scrolls of vulnerability
 B - 3 scrolls of brand weapon
 F - 5 scrolls of fear
 H - a scroll of amnesia
 J - 3 scrolls of fog
 K - 2 scrolls of silence
 M - 4 scrolls of immolation
 S - a scroll of acquirement
Potions
 f - a potion of cancellation {unknown}
 g - 15 potions of curing
 h - 4 potions of flight
 j - 3 potions of attraction {unknown}
 m - a potion of might {unknown}
 s - a potion of heal wounds
 t - 2 potions of resistance {unknown}
 u - 2 potions of ambrosia
 x - 5 potions of mutation
 z - 4 potions of degeneration {unknown}
 A - 2 potions of brilliance {unknown}
 E - 3 potions of haste {unknown}
 I - a potion of lignification {unknown}
 L - a potion of berserk rage {unknown}
 P - 4 potions of magic {unknown}
Miscellaneous
 O - a phial of floods
 U - a box of beasts
 W - a phantom mirror


   Skills:
 + Level 9.5 Fighting
 * Level 8.3 Ranged Weapons
 * Level 11.2 Dodging
 + Level 12.3 Stealth
 * Level 12.3 Unarmed Combat
 + Level 2.1 Spellcasting
 + Level 2.4 Ice Magic
 * Level 10.0 Invocations
 + Level 8.3 Evocations


You had 17 spell levels left.
You didn't know any spells.
Your spell library contained the following spells:

 Spells                   Type           Power      Damage    Failure   Level
 Kiss of Death            Conj/Necr      4%         2d5       11%         1
 Cigotuvi's Dreadful Rot  Necr/Pois/Air  2%         N/A       16%         2
 Poisonous Vapours        Pois/Air       2%         N/A       16%         2
 Hailstorm                Conj/Ice       6%         3d4       21%         3
 Confusing Touch          Hex            1%         N/A       32%         3
 Mephitic Cloud           Conj/Pois/Air  1%         N/A       32%         3
 Ice Form                 Ice/Tmut       6%         N/A       56%         4
 Animate Dead             Necr           1%         N/A       73%         4
 Dispel Undead            Necr           1%         3d6       73%         4
 Freezing Cloud           Conj/Ice/Air   2%         6-21      92%         5
 Borgnjor's Vile Clutch   Necr/Erth      0%         N/A       97%         5
 Death Channel            Necr           0%         N/A       100%        6
 Simulacrum               Ice/Necr       3%         N/A       100%        6


Dungeon Overview and Level Annotations

Branches:
Dungeon (15/15)            Temple (1/1) D:5            Lair (0/5) D:8
    Orc (0/2) D:10         Vaults (0/5) D:14         Depths (0/4) D:15
Ossuary (visited)          Bailey (visited)           IceCv (visited)

Altars:
Ashenzari
Cheibriados
Dithmenos
Elyvilon
Fedhas
Gozag
Hepliaklqana
Kikubaaqudgha
Makhleb
Nemelex Xobeh
Okawaru
Qazlal
Ru
Sif Muna
Trog
Uskayaw
Vehumet
Wu Jian
Xom
Yredelemnul
Zin
The Shining One

Shops:
D:5 [   D:6 (   D:7 :   D:8 :   D:13 =

Annotations:
D:3 exclusion: downstairs
D:4 exclusion: ogre
D:9 1 runed translucent door, snipermoke's ghost, novice DgFi


Innate Abilities, Weirdness & Mutations

Your life essence is reduced to manifest your ancestor. (-10% HP)
You cannot wear most types of armour.
You are amphibious.
You can wear up to eight rings at the same time.
Your skin changes colour to match your surroundings (Stealth+).
Your rubbery body absorbs attacks. (AC +1, EV +1)
((You are camouflaged when in or above water. (Stealth+)))
You have tentacles for arms and can constrict up to eight enemies at once.
You are clumsy. (Dex -2)
Your spells are a little easier to cast, but a little less powerful.
You expend magic power (3 MP) to strengthen your wands.


Message History

Sofian barely misses the war gargoyle.
The war gargoyle hits Sofian with a +0 dire flail.
Sofian hits the war gargoyle but does no damage.
The war gargoyle launches metal splinters at you.
The spray of metal splinters hits Sofian!!
Sofian is destroyed!
The spray of metal splinters misses you.
As you read the scroll of teleportation, it crumbles to dust.
You feel strangely unstable.
The war gargoyle attacks as you move away!
The war gargoyle hits you with a +0 dire flail!
Your surroundings suddenly seem different.
There is an open door here.
There is an open door here.
You close the door.
You start resting.
Sofian emerges from the mists of memory!
You start resting.
HP restored.
You open the door.
There is an open door here.
You swap places.
You shoot a sling bullet. Sofian avoids your attack.
The sling bullet hits the war gargoyle but does no damage.
The war gargoyle closely misses Sofian.
The war gargoyle hits Sofian with a +0 dire flail!!
You shoot a sling bullet. Sofian avoids your attack.
The sling bullet hits the war gargoyle but does no damage.
Sofian hits the war gargoyle but does no damage.
The war gargoyle hits Sofian with a +0 dire flail!!
Sofian is destroyed!
The war gargoyle launches metal splinters at you.
The spray of metal splinters misses you.
The war gargoyle launches metal splinters at you.
The spray of metal splinters hits you!!!
Ouch! That really hurt!
There is a stone staircase leading down here.
The war gargoyle launches metal splinters at you.
The spray of metal splinters hits you!!
You die...

#.#.###.## ##.).##.)......<#
#........# #.....#.#.#######
#.#.###..####...#...##
#..................##
#.#.###..#####.#####
#........# #.# ########## #.#
########## #.# #........#
#@######## #.######.#
#...9....# #.##.###.#
#.######.# #.#.#.##.###.#
####.##### ## #..#......)#.#
#........# #.
#.......###..###.##9###.####'
####.##.# #....s....# #.#....
#.##.###....###### #.#....
#.###......## #.#...#


You could see a war gargoyle (catching breath).

Vanquished Creatures
  A fire dragon (D:12)
  A rakshasa (D:12)
  2 centaur warriors (D:14)
  A two-headed ogre (D:12)
  Erica (D:8)
  3 boulder beetles
  3 death yaks (D:8)
  A tengu warrior (D:13)
  Lodul (D:10)
  A flayed ghost (D:12)
  An orc knight (Bailey)
  A deep elf pyromancer (D:14)
  2 orc sorcerers (Bailey)
  A manticore (D:14)
  2 ugly things (D:14)
  6 cyclopes
  2 gargoyles
  A freezing wraith (IceCv)
  A tengu conjurer (D:13)
  2 meliai (D:13)
  5 trolls
  2 slime creatures (D:12)
  Sigmund (D:4)
  A wraith (D:10)
  9 yaks
  2 wyverns
  A human (shapeshifter) (D:12)
  A steam dragon (D:10)
  Eustachio (D:5)
  A basilisk (D:13)
  3 vampire mosquitoes
  A minotaur simulacrum (IceCv)
  2 water moccasins (D:8)
  An acid dragon (D:11)
  11 orc warriors
  A sky beast (D:8)
  7 ogres
  3 wolves (D:8)
  2 centaurs
  2 kobold brigands
  A gnoll sergeant (D:4)
  3 bullfrogs
  4 scorpions
  3 water moccasin zombies (Ossuary)
  A hornet simulacrum (D:14)
  3 wights (D:6)
  4 killer bees (D:11)
  5 howler monkeys
  2 electric eels (Bailey)
  A jelly (D:5)
  5 orc priests
  A gnoll bouda (D:4)
  5 hounds
  An iguana (D:6)
  8 orc wizards
  A boggart simulacrum (D:13)
  2 mummies (Ossuary)
  20 gnolls
  9 adders
  3 hexers
  A shadow imp (D:6)
  An ufetubus (D:4)
  4 adder zombies (Ossuary)
  A worm (D:2)
  4 dart slugs
  36 orcs
  6 bats
  5 endoplasms
  2 giant cockroaches
  2 gnoll zombies (Ossuary)
  11 goblins
  10 hobgoblins
  3 jackals (D:1)
  3 quokkas
  14 ball pythons
  A frilled lizard (D:2)
  3 hobgoblin zombies (Ossuary)
  13 kobolds
  4 kobold zombies (Ossuary)
  5 orc zombies (Ossuary)
  6 rats
308 creatures vanquished.

Vanquished Creatures (collateral kills)
  4 two-headed ogres
  A deep elf zephyrmancer (D:14)
  A cyclops (D:12)
  3 ugly things (D:14)
  Psyche (D:8)
  2 freezing wraiths (IceCv)
  A meliai (D:13)
  5 trolls
  7 slime creatures
  A wraith (D:11)
  A shadow (D:9)
  12 yaks
  Grum (D:8)
  3 vampire mosquitoes
  An acid dragon (D:9)
  A hydra simulacrum (IceCv)
  8 orc warriors
  An ice beast (D:7)
  A black bear (D:6)
  A wolf (D:8)
  An ogre (D:10)
  A kobold brigand (D:8)
  A bullfrog (D:9)
  A wight (D:6)
  3 killer bees (D:11)
  2 howler monkeys
  A hound (D:7)
  An orc wizard (D:9)
  2 gnolls (Bailey)
  4 orcs
  3 goblins
  2 hobgoblins (D:9)
  4 kobolds
82 creatures vanquished.

Vanquished Creatures (others)
  A freezing wraith (IceCv)
  A deep troll simulacrum (IceCv)
  18 hexers
20 creatures vanquished.

Grand Total: 410 creatures vanquished

Notes
Turn   | Place    | Note
-------+----------+-------------------------------------------
     0 | D:1      | Anon1729 the Octopode Monk began the quest for the Orb.
     0 | D:1      | Reached XP level 1. HP: 16/16 MP: 1/1
   211 | D:1      | Reached XP level 2. HP: 21/21 MP: 2/2
   231 | D:1      | Reached skill level 1 in Stealth
   599 | D:1      | Reached XP level 3. HP: 26/26 MP: 3/3
  1365 | D:2      | Found a radiant altar of Vehumet.
  1945 | D:2      | Identified a scroll of acquirement
  1992 | D:3      | Reached XP level 4. HP: 23/31 MP: 4/4
  2038 | D:3      | Acquired the ring of Esiurhie {rF+ rC+ Str+3}
  2974 | D:4      | Found a bloodstained altar of Trog.
  3080 | D:4      | Noticed a kobold brigand
  3107 | D:4      | Reached XP level 5. HP: 34/36 MP: 5/5
  3129 | D:4      | Reached skill level 1 in Evocations
  3239 | D:4      | Reached XP level 6. HP: 17/43 MP: 6/6
  3283 | D:4      | Found a shimmering altar of Xom.
  4238 | D:4      | Noticed Sigmund
  4254 | D:4      | Killed Sigmund
  4255 | D:4      | Reached skill level 5 in Unarmed Combat
  4255 | D:4      | Reached XP level 7. HP: 16/48 MP: 7/7
  4849 | D:5      | Entered Level 5 of the Dungeon
  4849 | D:5      | Found a sand-covered staircase.
  4871 | Ossuary  | Entered an ossuary
  5246 | D:4      | Reached XP level 8. HP: 26/54 MP: 8/8
  5343 | D:5      | Found a basalt altar of Yredelemnul.
  5674 | D:4      | Reached skill level 5 in Stealth
  5781 | D:5      | Noticed Eustachio
  5790 | D:5      | Killed Eustachio
  5791 | D:5      | Reached skill level 5 in Fighting
  5911 | D:5      | Found Wixzia's Armour Boutique.
  5931 | D:5      | Reached skill level 5 in Dodging
  6250 | D:5      | Found a staircase to the Ecumenical Temple.
  6272 | Temple   | Entered the Ecumenical Temple
  6544 | Temple   | Became a worshipper of Hepliaklqana the Forgotten
  6544 | Temple   | Reached * piety under Hepliaklqana
  6544 | Temple   | Reached ** piety under Hepliaklqana
  6563 | D:5      | Remembered your ancestor Sofian as a hexer
  7148 | D:6      | Found Nibiteot's Antique Weapon Emporium.
  7242 | D:6      | Reached XP level 9. HP: 54/54 MP: 9/9
  7249 | D:6      | Bought a polished sling for 130 gold pieces
  7249 | D:6      | Identified the +7 sling of Omalaada {drain, rC+ Dex+3} (You
                  | bought it in a shop on level 6 of the Dungeon)
  7673 | D:7      | Found Folleok's Vocational Training.
  7893 | D:7      | Reached skill level 1 in Invocations
  8021 | D:7      | Found a blossoming altar of Fedhas.
  8021 | D:7      | Found a faded altar of an unknown god.
  8046 | D:7      | Found a radiant altar of Vehumet.
  8052 | D:7      | Found a burning altar of Makhleb.
  8054 | D:7      | Found a broken altar of Ashenzari.
  8129 | D:7      | Reached skill level 5 in Evocations
  8202 | D:8      | Noticed Erica
  8208 | D:8      | Killed Erica
  8209 | D:8      | Reached XP level 10. HP: 41/61 MP: 10/12
  8501 | D:8      | Found a glowing golden altar of the Shining One.
  8640 | D:8      | Reached *** piety under Hepliaklqana
  8665 | D:8      | Noticed Grum
  8676 | D:8      | Reached skill level 5 in Invocations
  8682 | D:8      | Killed Grum
  8759 | D:8      | Found Aleah's Tremendous Tomes.
  8786 | D:8      | Noticed a death yak
  9063 | D:8      | Noticed a death yak
  9075 | D:8      | Noticed a death yak
  9109 | D:8      | Killed a death yak
  9136 | D:8      | Identified the ring "Mosoxamm" {Drain rElec Will+++ Int+6
                  | Stlth+}
  9236 | D:8      | Killed a death yak
  9237 | D:8      | Reached XP level 11. HP: 67/67 MP: 15/15
  9260 | D:8      | Killed a death yak
  9343 | D:8      | Found a staircase to the Lair.
  9369 | D:8      | Noticed Psyche
  9373 | D:8      | Killed Psyche
  9715 | D:9      | Found a runed translucent door.
  9715 | D:9      | Noticed snipermoke's ghost (novice DgFi)
  9878 | D:9      | Reached skill level 10 in Unarmed Combat
  9885 | D:9      | Found a flagged portal.
  9903 | D:9      | Reached skill level 1 in Ranged Weapons
  9909 | Bailey   | Entered a bailey
 10087 | Bailey   | Noticed an orc knight
 10123 | Bailey   | Killed an orc knight
 10361 | Bailey   | Noticed an orc sorcerer
 10362 | Bailey   | Noticed an orc sorcerer
 10382 | Bailey   | Killed an orc sorcerer
 10388 | Bailey   | Killed an orc sorcerer
 10493 | Bailey   | Found an iron altar of Okawaru.
 10542 | Bailey   | Reached skill level 5 in Ranged Weapons
 10542 | Bailey   | Reached skill level 10 in Stealth
 10542 | Bailey   | Reached XP level 12. HP: 75/75 MP: 17/17
 10543 | Bailey   | Acquired a +5 ring of evasion
 10546 | Bailey   | Acquired a manual of Dodging
 11042 | D:10     | Entered Level 10 of the Dungeon
 11042 | D:10     | Noticed a boulder beetle
 11042 | D:10     | Found a staircase to the Orcish Mines.
 11054 | D:10     | Killed a boulder beetle
 11128 | D:10     | Reached **** piety under Hepliaklqana
 11206 | D:10     | Noticed Lodul
 11224 | D:10     | Killed Lodul
 11639 | D:10     | Reached XP level 13. HP: 80/80 MP: 17/19
 12616 | D:11     | Reached ***** piety under Hepliaklqana
 13580 | D:12     | You fall into a shaft and drop 3 floors!
 13580 | D:15     | Entered Level 15 of the Dungeon
 13884 | D:14     | Found a frozen archway.
 13909 | IceCv    | Entered an ice cave
 14065 | IceCv    | Gained mutation: Your spells are a little easier to cast,
                  | but a little less powerful. [potion of mutation]
 14065 | IceCv    | Gained mutation: You are clumsy. (Dex -2) [potion of
                  | mutation]
 14065 | IceCv    | Gained mutation: You expend magic power (3 MP) to
                  | strengthen your wands. [potion of mutation]
 14203 | D:14     | Identified the +7 flail of Domination {freeze, rPois}
 14463 | D:14     | Reached skill level 10 in Dodging
 14558 | D:14     | Reached skill level 1 in Ice Magic
 14680 | D:14     | Reached skill level 1 in Spellcasting
 14692 | D:14     | Found a gate to the Vaults.
 15023 | D:13     | Found Secohoodgh's Jewellery Shop.
 15357 | D:13     | Reached XP level 14. HP: 87/87 MP: 21/21
 16614 | D:12     | Noticed a tengu reaver
 16662 | D:12     | Noticed a stone giant
 16664 | D:12     | Noticed a war gargoyle
 16666 | D:12     | Reached skill level 10 in Invocations
 16668 | D:12     | Noticed a tengu reaver
 16836 | D:12     | Killed from afar by a war gargoyle

Illustrated notes

Levels and vault maps discovered:
D:1:      enne_arrival_octagon_isle, layout_loops_corners,
          minmay_indecisive_spiral
D:2:      layout_rooms, serial_co_window_serial, co_window_paths_b,
          co_window_paths_a, co_window_paths_b, co_window_of_opportunity_a,
          co_window_paths_a, co_window_cross_3, co_window_corner_b,
          co_window_unsneaky_path_b, co_window_2corner,
          co_window_of_opportunity_c, co_window_2corner, co_window_broadway_a,
          glass_columns_c, glass_columns_a, basic_altar, columned_hall_lemuel
D:3:      layout_basic, minmay_unequal
D:4:      layout_basic, bloody_trog, mainiacjoe_overflow_24_doors,
          minmay_tree_intersection, uniq_sigmund
D:5:      layout_rooms, lemuel_crystal_altar, minmay_temple_entry_junction,
          serial_shops, shop, nicolae_ossuary_entry_ruins, minmay_holes,
          uniq_eustachio
D:6:      layout_loops_corners, serial_shops, nicolae_diamond_shop
D:7:      layout_rooms, chequers_temple_overflow_minitemple,
          minmay_misc_feat_rugged, nicolae_shop_vocational
D:8:      layout_gridville, tso_metal_star, dpeg_lair_monsters,
          nicolae_shop_i_like_big_books, uniq_psyche, uniq_grum, uniq_erica
D:9:      layout_gridville, enter_bailey_4, gammafunk_ghost_grave
D:10:     layout_basic, orc_0_dummy, uniq_lodul
D:11:     layout_layer_cave, nrook_campfire
D:12:     minmay_tile_spiral, layout_loops_corners, kennysheep_generic_room_7
D:13:     wander_river, layout_basic, special_room [special_room_orc],
          serial_shops, shop
D:14:     layout_irregular_city, david_vaults_1,
          portal_ice_cave_entry_pillars_three, minmay_stone_trees_small,
          nicolae_concentric_dashed_squares_wild
D:15:     grunt_enter_depths_hoard, layout_basic, minmay_stone_trees_medium,
          xom_teletrap_fun
Temple:   eino_temple_water

Skill      XL: |  1  2  3  4  5  6  7  8  9 10 11 12 13 14 |
---------------+-------------------------------------------+-----
Stealth        | 1 2 3 4 6 7 8 10 11 12 | 12.3
Unarmed Combat | 4 5 6 7 8 9 11 12 | 12.3
Evocations     | 1 2 3 4 5 6 7 8 |  8.3
Dodging        | 4 5 6 7 8 10 11 | 11.2
Fighting       | 4 5 6 7 8 9 |  9.5
Invocations    | 3 6 7 8 9 10 | 10.0
Ranged Weapons | 5 6 7 8 |  8.3
Ice Magic      | 1 2 |  2.4
Spellcasting   | 1 2 |  2.1

Action                     |  1- 3 |  4- 6 |  7- 9 | 10-12 | 13-15 || total
---------------------------+-------+-------+-------+-------+-------++-------
  Melee: Unarmed           |    77 |   109 |   200 |    45 |    76 ||   507
         Constrict         |    21 |    39 |    62 |     9 |    12 ||   143
         Tentacles         |    12 |    30 |    64 |    15 |    22 ||   143
         Punch             |     2 |     6 |     8 |     4 |    10 ||    30
   Fire: Sling             |       |       |    41 |   263 |   465 ||   769
  Throw: Dart              |       |    17 |       |    15 |     6 ||    38
 Invoke: Recall Ancestor   |       |       |     2 |     2 |     6 ||    10
         Ancestor Life: He |       |       |     1 |       |       ||     1
         Idealise          |       |       |       |     1 |       ||     1
  Evoke: Wand              |       |     1 |     2 |     3 |     9 ||    15
    Use: Scroll            |     4 |     2 |     3 |     7 |     6 ||    22
         Potion            |       |     3 |       |     1 |     3 ||     7
   Stab: Sleeping          |     4 |     4 |     1 |     1 |     1 ||    11
         Distracted        |       |       |     3 |       |     1 ||     4
         Confused          |       |       |     1 |       |     2 ||     3
 Armour: Skin              |     3 |     5 |     9 |     2 |     5 ||    24
  Dodge: Dodged            |    45 |    83 |   149 |    50 |   214 ||   541
  Block: Orb               |       |       |       |     5 |    51 ||    56
         Reflection        |       |       |       |       |     3 ||     3

Table legend: (Time is in decaauts)
 A = Elapsed time spent in this place.
 B = Non-inter-level travel time spent in this place.
 C = Inter-level travel time spent in this place.
 D = Time resting spent in this place.
 E = Time spent auto-exploring this place.
 F = Levels seen in this place.
 G = Mean time per level.
                   A        B        C        D        E       F      G
               +--------+--------+--------+--------+--------+-----+--------+
         Total |  16872 |  16103 |    769 |   2431 |  10502 |  19 |  888.0 |
       Dungeon |  15355 |  14603 |    752 |   2129 |   9776 |  15 | 1023.7 |
        Temple |    289 |    272 |     17 |      0 |    213 |   1 |  289.0 |
       Ossuary |    354 |    354 |      0 |    126 |    147 |   1 |  354.0 |
        Bailey |    689 |    689 |      0 |    104 |    363 |   1 |  689.0 |
      Ice Cave |    184 |    184 |      0 |     72 |      3 |   1 |  184.0 |
               +--------+--------+--------+--------+--------+-----+--------+

Top non-repeatable levels by time:
     D:4: 1982 daAuts
    D:12: 1474 daAuts
     D:3: 1362 daAuts
     D:8: 1358 daAuts
    D:11: 1227 daAuts
    D:14: 1155 daAuts
     D:1: 1034 daAuts
     D:2: 946 daAuts
     D:6: 896 daAuts
    D:10: 866 daAuts
    D:13: 853 daAuts
     D:9: 796 daAuts
     D:5: 756 daAuts
  Bailey: 689 daAuts
     D:7: 620 daAuts
